 Dungeon Crawl Stone Soup version 0.29.1-2-gbd0b4ee654 (webtiles) character file.

Game seed: 5568971032772819234

1266 safid the Skirmisher (level 8, -4/74 HPs)
             Began as a Minotaur Hunter on Nov 4, 2022.
             Was an Initiate of Okawaru.
             Slain by a yak (13 damage)
             ... on level 4 of the Dungeon.
             The game lasted 00:10:24 (5218 turns).

safid the Skirmisher (Minotaur Hunter)              Turns: 5218, Time: 00:10:25

Health: -4/74      AC:  6    Str: 16    XL:     8   Next: 27%
Magic:  7/7        EV: 10    Int:  6    God:    Okawaru [......]
Gold:   79         SH:  0    Dex: 16    Spells: 7/7 levels left

rFire   . . .      SeeInvis .   a - +0 shortbow
rCold   . . .      Faith    .   (shield currently unavailable)
rNeg    . . .      Spirit   .   j - +0 scale mail
rPois   .          Reflect  .   (helmet restricted)
rElec   .          Harm     .   (no cloak)
rCorr   .          Rampage  .   (no gloves)
Will    .....                   (no boots)
Stlth   ..........              (no amulet)
HPRegen 0.22/turn               (no ring)
MPRegen 0.10/turn               (no ring)

@: no status effects
A: horns 2, retaliatory headbutt
a: Renounce Religion


You were on level 4 of the Dungeon.
You worshipped Okawaru.
Okawaru was noncommittal.
You visited 2 branches of the dungeon, and saw 6 of its levels.
You also visited: Ossuary.

You collected 229 gold pieces.
You spent 150 gold pieces at shops.

Inventory:

Hand Weapons
 a - a +0 shortbow (weapon)
Missiles
 o - 2 curare-tipped darts
Armour
 j - a +0 scale mail (worn)
Scrolls
 e - 5 scrolls of identify
 g - a scroll of blinking {unknown}
 h - a scroll of fear {unknown}
 i - 5 scrolls of teleportation
 l - 2 scrolls of vulnerability {unknown}
 m - 3 scrolls of magic mapping
 n - a scroll of enchant armour {unknown}
 t - a scroll of butterflies {unknown}
Potions
 b - a potion of brilliance {unknown}
 c - 2 potions of cancellation
 d - 2 potions of flight
 f - a potion of degeneration {unknown}
 k - 3 potions of heal wounds {unknown}
 p - 3 potions of curing {unknown}
 q - 2 potions of mutation {unknown}
 r - a potion of ambrosia {unknown}
 s - a potion of haste {unknown}
 u - a potion of lignification {unknown}
 v - a potion of magic {unknown}
 w - a potion of might {unknown}


   Skills:
 - Level 8.0 Fighting
 + Level 9.6 Ranged Weapons
 - Level 2.1 Dodging
 - Level 0.7 Stealth


You had 7 spell levels left.
You didn't know any spells.
Your spell library contained the following spells:

 Spells                   Type           Power      Damage    Failure   Level
 Ensorcelled Hibernation  Hex/Ice        0%         N/A       96%         2
 Passwall                 Tmut/Erth      0%         N/A       96%         2
 Swiftness                Air            0%         N/A       99%         3
 Iskenderun's Battlesphe  Conj           0%         2d6       100%        5
 Iron Shot                Conj/Erth      0%         9d1       100%        6
 Spellforged Servitor     Conj/Summ      Unusable   N/A       N/A         7

Dungeon Overview and Level Annotations

Branches:
Dungeon (5/15)             Temple (1/1) D:4         Ossuary (visited)

Altars:
Ashenzari
Cheibriados
Elyvilon
Fedhas
Gozag
Hepliaklqana
Kikubaaqudgha
Makhleb
Okawaru
Qazlal
Ru
Sif Muna
Trog
Uskayaw
Vehumet
Wu Jian
Yredelemnul
Zin
The Shining One

Shops:
D:2 :   D:4 ==?(


Innate Abilities, Weirdness & Mutations

You have a pair of horns on your head.
You reflexively headbutt those who attack you in melee.


Message History

Fire: a) +0 shortbow
Press: ? - help, Q - select action, (/) - cycle Shift-Dir - straight line, f/p - yak
Aim: a yak (heavily wounded, 77% to hit)
You shoot an arrow. The arrow barely misses the yak.
The yak gores you!
* * * LOW HITPOINT WARNING * * *
Okay, then.
Okay, then.
Fire: a) +0 shortbow
Press: ? - help, Q - select action, (/) - cycle Shift-Dir - straight line, f/p - yak
Aim: a yak (heavily wounded, 77% to hit)
You shoot an arrow. The arrow hits the yak!
The yak is almost dead.
The yak barely misses you.
Fire: a) +0 shortbow
Press: ? - help, Q - select action, (/) - cycle Shift-Dir - straight line, f/p - yak
Aim: a yak (almost dead, 77% to hit)
You shoot an arrow.
The arrow hits the yak but does no damage.
The yak is almost dead.
The yak gores you but does no damage. The yak misses you.
You furiously retaliate!
You headbutt the yak, but do no damage.
Fire: a) +0 shortbow
Press: ? - help, Q - select action, (/) - cycle Shift-Dir - straight line, f/p - yak
Aim: a yak (almost dead, 77% to hit)
You shoot an arrow. The arrow barely misses the yak.
The yak gores you.
* * * LOW HITPOINT WARNING * * *
Fire: a) +0 shortbow
Press: ? - help, Q - select action, (/) - cycle Shift-Dir - straight line, f/p - yak
Aim: a yak (almost dead, 77% to hit)
You shoot an arrow. The arrow barely misses the yak.
The yak barely misses you.
Unknown command.
Fire: a) +0 shortbow
Press: ? - help, Q - select action, (/) - cycle Shift-Dir - straight line, f/p - yak
Aim: a yak (almost dead, 77% to hit)
You shoot an arrow. The arrow barely misses the yak.
The yak gores you!
You die...

###########
#.........# ###
#.........# ##≈≈
#.........# #≈≈≈
#Y........######≈≈∩
#.@.............≈≈.
#†........#####..~.
#.........# ###..
#.........# #..#
#.........# #...
#########.# #.#.
#.### #.##
#.#.####.##
#..<.....##


You could see a yak.

Vanquished Creatures
  Grinder (D:5)
  A yak (D:4)
  A black bear (D:5)
  3 elf zombies (D:4)
  2 elf skeletons (D:4)
  A human zombie (D:4)
  An orc priest (D:3)
  A hound (D:5)
  An iguana (D:5)
  An orc wizard (D:5)
  2 human skeletons (D:4)
  12 mummies (Ossuary)
  A gnoll (D:1)
  4 adders
  A shadow imp (D:5)
  5 worms
  11 orcs
  5 ball pythons
  2 bats
  3 endoplasms
  2 giant cockroaches (D:1)
  2 goblins
  10 hobgoblins
  11 jackals
  7 kobolds
  7 quokkas
  4 frilled lizards
  2 gnoll skeletons (Ossuary)
  A goblin skeleton (Ossuary)
  4 kobold skeletons (Ossuary)
  4 orc skeletons
  5 rats
  11 rat skeletons (Ossuary)
129 creatures vanquished.

Notes
Turn   | Place    | Note
-------+----------+-------------------------------------------
     0 | D:1      | safid the Minotaur Hunter began the quest for the Orb.
     0 | D:1      | Reached XP level 1. HP: 18/18 MP: 0/0
    41 | D:1      | Reached XP level 2. HP: 19/26 MP: 1/1
   431 | D:1      | Reached skill level 5 in Ranged Weapons
   431 | D:1      | Reached XP level 3. HP: 31/31 MP: 2/2
   524 | D:1      | Found a faded altar of an unknown god.
   933 | D:2      | Found Plog's Book Shop.
   954 | D:2      | Reached XP level 4. HP: 32/40 MP: 3/3
  1335 | D:3      | Reached XP level 5. HP: 32/47 MP: 4/4
  1755 | D:3      | Reached skill level 5 in Fighting
  1931 | D:4      | Found Umoifos's Weapon Shop.
  1973 | D:4      | Found Miruarem's Jewellery Shop.
  2036 | D:4      | Reached skill level 6 in Ranged Weapons
  2158 | D:4      | Found Vougaone's Magic Scroll Shop.
  2161 | D:4      | Bought a scroll of magic mapping for 90 gold pieces
  2161 | D:4      | Bought a scroll of teleportation for 36 gold pieces
  2161 | D:4      | Bought a scroll of identify for 24 gold pieces
  2232 | D:4      | Found a staircase to the Ecumenical Temple.
  2241 | Temple   | Entered the Ecumenical Temple
  2445 | D:4      | Found Qukuikoe's Jewellery Emporium.
  2487 | D:4      | Found a sand-covered staircase.
  2506 | D:4      | Reached XP level 6. HP: 35/57 MP: 5/5
  2509 | Ossuary  | Entered an ossuary
  3663 | Ossuary  | Reached skill level 7 in Ranged Weapons
  4020 | D:4      | Reached XP level 7. HP: 41/64 MP: 6/6
  4652 | D:5      | Entered Level 5 of the Dungeon
  4659 | D:5      | Noticed a yak
  4663 | D:5      | Noticed a yak
  4666 | D:5      | Noticed a yak
  4667 | D:5      | Found an iron altar of Okawaru.
  4683 | D:5      | Reached skill level 8 in Ranged Weapons
  4845 | D:5      | Became a worshipper of Warmaster Okawaru
  4953 | D:5      | Noticed Grinder
  4955 | D:5      | Paralysed by Grinder for 3 turns
  4965 | D:5      | Paralysed by Grinder for 5 turns
  4983 | D:5      | Killed Grinder
  4984 | D:5      | Reached skill level 9 in Ranged Weapons
  4984 | D:5      | Reached XP level 8. HP: 53/74 MP: 7/7
  5218 | D:4      | Slain by a yak

Illustrated notes

Levels and vault maps discovered:
D:1:      tarquinn_simple_flora_water_a, layout_rooms,
          hellmonk_ecumenical_altar_arch_garden, serial_glass, glass_columns_b,
          glass_columns_c, glass_columns_b, glass_columns_a, glass_columns_a,
          glass_columns_b, item_on_display_a, due_unseen_surprise,
          feat_on_display
D:2:      layout_rooms, serial_shops, nicolae_shop_hallway_stairs
D:3:      layout_rooms, minmay_unequal
D:4:      layout_rooms, minmay_temple_entry_poolview, serial_shops,
          nicolae_shop_waterfront, kennysheep_mini_moat,
          nicolae_inconvenience_store, nicolae_shop_stone,
          nicolae_ossuary_entry_catacombs
D:5:      layout_loops_ring, mainiacjoe_overflow_concentric_impassable,
          eino_tiny_chamber, uniq_grinder, uniq_crazy_yiuf_cottage
Temple:   regret_index_temple_mists

Skill      XL: |  1  2  3  4  5  6  7 |
---------------+----------------------+-----
Fighting       | 3 4 5 6 8 |  8.0
Ranged Weapons | 5 6 7 9 |  9.6
Dodging        | |  2.1
Stealth        | |  0.7

Action                   |  1- 3 |  4- 6 |  7- 9 || total
-------------------------+-------+-------+-------++-------
 Fire: Shortbow          |   101 |   299 |   151 ||   551
  Use: Potion            |       |       |     2 ||     2
       Scroll            |       |       |     1 ||     1
Armor: Leather armour    |     7 |       |       ||     7
       Scale mail        |    13 |    55 |    34 ||   102
Dodge: Dodged            |    22 |    84 |    49 ||   155
